 Dungeon Crawl Stone Soup version 0.29.1-12-g30fa7ad0bf (webtiles) character file.

Game seed: 1587860736823944806

66 Sanktem7 the Trooper (level 3, -2/34 HPs)
             Began as a Minotaur Fighter on Dec 16, 2022.
             Slain by a gnoll
             ... wielding a +0 spear
              (5 damage)
             ... on level 2 of the Dungeon.
             The game lasted 00:01:59 (1323 turns).

Sanktem7 the Trooper (Minotaur Fighter)             Turns: 1323, Time: 00:02:00

Health: -2/34      AC:  8    Str: 22    XL:     3   Next: 96%
Magic:  2/2        EV:  9    Int:  5    God:
Gold:   95         SH:  4    Dex:  9    Spells: 2/2 levels left

rFire   . . .      SeeInvis .   a - +0 war axe {axe}
rCold   . . .      Faith    .   c - +0 buckler
rNeg    . . .      Spirit   .   b - +0 scale mail
rPois   .          Reflect  .   (helmet restricted)
rElec   .          Harm     .   (no cloak)
rCorr   .          Rampage  .   (no gloves)
Will    .....                   m - +0 pair of boots
Stlth   ..........              (no amulet)
HPRegen 0.11/turn               (no ring)
MPRegen 0.08/turn               (no ring)

@: no status effects
A: horns 2, retaliatory headbutt
a: no special abilities


You were on level 2 of the Dungeon.
You visited 1 branch of the dungeon, and saw 2 of its levels.

You collected 95 gold pieces.


Innate Abilities, Weirdness & Mutations

You have a pair of horns on your head.
You reflexively headbutt those who attack you in melee.


   Skills:
 * Level 4.6 Fighting
 * Level 3.7 Axes
 + Level 4.2 Armour
 - Level 3.6 Shields


You had 2 spell levels left.
You didn't know any spells.
Your spell library was empty.

Inventory:

Hand Weapons
 a - a +0 war axe (weapon) {axe}
Missiles
 e - 14 stones (quivered) {throwing}
Armour
 b - a +0 scale mail (worn)
 c - a +0 buckler (worn)
 m - a +0 pair of boots (worn)
   (You found it on level 1 of the Dungeon)
Scrolls
 f - a scroll of torment {unknown}
 h - a scroll of blinking {unknown}
 i - a scroll of enchant weapon {unknown}
 j - 2 scrolls of teleportation {unknown}
 l - a scroll of poison {unknown}
 o - a scroll of identify {unknown}
Potions
 d - a potion of might
 g - 2 potions of curing {unknown}
 k - a potion of berserk rage {unknown}
 n - a potion of magic {unknown}

Dungeon Overview and Level Annotations

Branches:
Dungeon (2/15) Zot: 10646

Altars:

# ## #.##.
#.#.. ###...J
.......
#......########
#......)).gl@.#
....#..######.#
. #.. #.##.#
#.. #.##.# #.#
#.##.#
#.####.##.#
#.........#
######.####
#.######.#.##


You could see a gnoll and a frilled lizard.


Message History

No target in view!
No target in view!
No target in view!
No target in view!
No target in view!
No target in view!
No target in view! 2 gnolls come into view.
A gnoll is wielding a +1 flail of draining.
The gnoll shouts! x2; You hear a shout!
A frilled lizard comes into view.
The gnoll moves out of view.
The frilled lizard hisses angrily.
A gnoll comes into view. It is wielding a +0 spear.
There are monsters nearby!
An endoplasm comes into view.
The gnoll shouts!
You hear a shout!
The gnoll hits you but does no damage.
You feel drained. 😎 HP[-1]
You now have 33 max hp (-1).
You slash the gnoll!
The gnoll hits you with a +1 flail of draining.
You feel drained. 😕 HP[-2]
You now have 32 max hp (-1).
You take 2 damage, and now have 31/32 hp.
You slash the gnoll!
You kill the gnoll!
Your life force feels restored.
You now have 34 max hp (+2).
You slash the endoplasm!
You kill the endoplasm!
A gnoll comes into view. It is wielding a +0 spear.
The gnoll closely misses you.
The gnoll hits you from afar with a +0 spear.
The gnoll moves out of view. 😕 HP[-3]
You take 3 damage, and now have 28/34 hp.
The gnoll hits you with a +0 spear. You block the gnoll's attack.
You see here a +1 flail of draining {mace}. 😮 HP[-5]
You take 5 damage, and now have 23/34 hp.
You hit the gnoll.
The gnoll hits you from afar with a +0 spear.
The gnoll barely misses you. You block the gnoll's attack. 😮 HP[-1]
You take 1 damage, and now have 22/34 hp.
You hit the gnoll but do no damage. The gnoll hits you but does no damage.
The gnoll hits you from afar with a +0 spear.
* * * LOW HITPOINT WARNING * * *
The gnoll barely misses you. 😨 HP[-5]
You take 5 damage, and now have 17/34 hp.
You slash the gnoll!
The gnoll hits you from afar with a +0 spear.
* * * LOW HITPOINT WARNING * * *
The gnoll hits you with a +0 spear.
* * * LOW HITPOINT WARNING * * *
The gnoll hits you but does no damage. You block the gnoll's attack.
The gnoll hits you from afar with a +0 spear.
* * * LOW HITPOINT WARNING * * *
The gnoll barely misses you. You furiously retaliate!
You headbutt the gnoll.
You kill the gnoll! 😨 HP[-7]
You take 7 damage, and now have 10/34 hp.
MASSIVE DAMAGE!! (PAUSE) 😨 HP[+1]
The gnoll completely misses you.
You barely miss the gnoll. The gnoll hits you with a +0 spear.
* * * LOW HITPOINT WARNING * * *
😱 HP[-4]
You take 4 damage, and now have 7/34 hp.
You slash the gnoll! Your headbutt misses the gnoll.
You block the gnoll's attack.
You barely miss the gnoll. The gnoll hits you but does no damage.
The gnoll hits you with a +0 spear.
* * * LOW HITPOINT WARNING * * *
😱 HP[-1]
You take 1 damage, and now have 6/34 hp.
You closely miss the gnoll. The gnoll hits you but does no damage.
You barely miss the gnoll.
The gnoll hits you but does no damage. 😱 HP[+1]
You hit the gnoll.
You kill the gnoll!
The frilled lizard bites you but does no damage.
The gnoll hits you from afar with a +0 spear.
* * * LOW HITPOINT WARNING * * *
😱 HP[-4]
You take 4 damage, and now have 3/34 hp.
You closely miss the frilled lizard.
Your headbutt misses the frilled lizard.
The gnoll misses you.
The frilled lizard bites you but does no damage.
You hit the frilled lizard.
The frilled lizard bites you but does no damage.
The gnoll hits you but does no damage.
You closely miss the frilled lizard. You block the frilled lizard's attack.
The gnoll hits you from afar with a +0 spear.
You die...

Skill      XL: |  1  2 |
---------------+-------+-----
Fighting       | 4 |  4.6
Axes           | 3 |  3.7
Armour         | 4 |  4.2
Shields        | |  3.6

Action                   || total
-------------------------++-------
Melee: War axe           ||    78
       Headbutt          ||     6
Armor: Scale mail        ||    34
Dodge: Dodged            ||    33
Block: Buckler           ||    23

Levels and vault maps discovered:
D:1:      ncdulo_halloftheorcs, layout_basic,
          shapermc_ecumenical_altar_mp_vishouse
D:2:      layout_basic, basic_altar, chequers_serial_rivers_room_a,
          uniq_natasha, uniq_terence

Notes
Turn   | Place    | Note
-------+----------+-------------------------------------------
     0 | D:1      | Sanktem7 the Minotaur Fighter began the quest for the Orb.
     0 | D:1      | Reached XP level 1. HP: 19/19 MP: 0/0
     0 | D:1      | magus.rc [v1.9.6]
   145 | D:1      | Found a faded altar of an unknown god.
   286 | D:1      | Reached XP level 2. HP: 27/27 MP: 1/1
   293 | D:1      | Reached skill level 4 in Fighting
   298 | D:1      | Reached skill level 3 in Axes
  1020 | D:1      | Reached skill level 4 in Armour
  1020 | D:1      | Reached XP level 3. HP: 33/33 MP: 2/2
  1315 | D:2      | HP: 7/34 [gnoll/+0 spear (4)]
  1320 | D:2      | HP: 3/34 [gnoll/+0 spear (4)]
  1323 | D:2      | Slain by a gnoll

Vanquished Creatures
  3 gnolls (D:2)
  A worm (D:2)
  4 ball pythons (D:1)
  3 endoplasms
  3 giant cockroaches (D:1)
  3 goblins (D:1)
  6 hobgoblins
  2 jackals (D:1)
  A quokka (D:1)
  A bat (D:1)
  A frilled lizard (D:1)
  3 rats (D:1)
31 creatures vanquished.

Table legend:
 A = Non-vault XP
 B = Vault XP
 C = Vault XP percentage of total XP
 D = Non-vault monster count
 E = Vault monster count
 F = Vault count percentage of total count
                 A         B        C        D         E       F
            +---------+---------+-------+---------+---------+-------
      Total |      95 |       0 |   0.0 |      31 |       0 |   0.0
            +---------+---------+-------+---------+---------+-------
        D:1 |      44 |       0 |   0.0 |      25 |       0 |   0.0
        D:2 |      51 |       0 |   0.0 |       6 |       0 |   0.0
            +---------+---------+-------+---------+---------+-------

Illustrated notes

Table legend:
 A = Kills in this place as a percentage of kills in entire the game.
 B = Kills by you in this place as a percentage of kills by you in the entire game.
 C = Kills by friends in this place as a percentage of kills by friends in the entire game.
 D = Other kills in this place as a percentage of other kills in the entire game.
 E = Experience gained in this place as a percentage of experience gained in the entire game.
 F = Experience gained in this place divided by the number of levels of this place that you have seen.
                   A       B       C       D       E      F
               +-------+-------+-------+-------+-------+----------------------
         Total | 100.0 | 100.0 |   N/A |   N/A | 100.0 |  47.5
       Dungeon | 100.0 | 100.0 |   N/A |   N/A | 100.0 |  47.5
               +-------+-------+-------+-------+-------+----------------------

Table legend: (Time is in decaauts)
 A = Elapsed time spent in this place.
 B = Non-inter-level travel time spent in this place.
 C = Inter-level travel time spent in this place.
 D = Time resting spent in this place.
 E = Time spent auto-exploring this place.
 F = Levels seen in this place.
 G = Mean time per level.
                   A        B        C        D        E       F      G
               +--------+--------+--------+--------+--------+-----+--------+
         Total |   1351 |   1323 |     28 |      0 |   1132 |   2 |  675.5 |
       Dungeon |   1351 |   1323 |     28 |      0 |   1132 |   2 |  675.5 |
               +--------+--------+--------+--------+--------+-----+--------+

Top non-repeatable levels by time:
     D:1: 1233 daAuts
     D:2: 118 daAuts
